 Dungeon Crawl Stone Soup version 0.19.0-24-gb05acd6 (webtiles) character file.

87021 dobroeutro the Cleaver (level 15, -2/125 HPs)
             Began as a Demonspawn Berserker on Nov 19, 2016.
             Was the Champion of Trog.
             Slain by a titanic slime creature (49 damage)
             ... on level 14 of the Dungeon on Nov 20, 2016.
             The game lasted 00:48:23 (21913 turns).

dobroeutro the Cleaver (Demonspawn Berserker)      Turns: 21913, Time: 00:48:23

Health: -2/125     AC: 25    Str: 27    XL:     15   Next: 42%
Magic:  15/15      EV: 23    Int:  6    God:    Trog [******]
Gold:   1652       SH:  0    Dex: 23    Spells: 0 memorised, 14 levels left

rFire  + . .     SeeInvis +     H - +4 battleaxe (flame)
rCold  + . .     Gourm    .     V - +2 plate armour {rC+}
rNeg   + . .     Faith    .     (shield currently unavailable)
rPois  .         Spirit   .     W - +0 hat
rElec  +         Reflect  .     X - +1 cloak
rCorr  +         Harm     .     R - +2 pair of gloves
MR     ++...                    w - +0 pair of boots
Stlth  ..........               O - amulet of regeneration
                                T - ring of Dim Light {+Blink rElec MR+ Int-2 Dex+3}
                                s - ring of the Octopus King {rN+ AC+1 EV+1 Str+1 Int+1 Dex+1}

@: agile
A: antennae 2, claws 1, yellow scales 3, see invisible, agile 1, deformed body,
demonic guardian 1, dopey 1, fire resistance 1, powered by pain 1, strong 1,
wild magic 1
a: Berserk, Trog's Hand, Brothers in Arms, Burn Spellbooks, Renounce Religion,
Evoke Blink


You were on level 14 of the Dungeon.
You worshipped Trog.
Trog was exalted by your worship.
You were not hungry.

You visited 2 branches of the dungeon, and saw 20 of its levels.
You visited the Abyss 1 time.
You also visited: Ice Cave.

You collected 1652 gold pieces.

Inventory:

Hand Weapons
 o - a +2 war axe of chopping
 H - a +4 battleaxe of flaming (weapon)
 K - a +3 executioner's axe of freezing
 N - the +0 spear "Xevera" {antimagic, rF+ MR+ Int+4}
   (You found it on level 12 of the Dungeon)

   It reduces the magical energy of the wielder, and disrupts the spells and
   magical abilities of those hit.
   Natural abilities and divine invocations are not affected.
   It affects your intelligence (+4).
   It protects you from fire.
   It affects your resistance to hostile enchantments.
Armour
 w - a +0 pair of boots (worn)
 y - a +2 buckler
 M - the +1 robe of Negation {*Slow rElec Str+5}
   (You found it on level 11 of the Dungeon)

   It affects your strength (+5).
   It insulates you from electricity.
   It may slow you when you take damage.
 R - a +2 pair of gloves (worn)
 V - a +2 plate armour of cold resistance (worn)
 W - a +0 hat (worn)
 X - a +1 cloak (worn)
Jewellery
 s - a ring of the Octopus King (left hand) {rN+ AC+1 EV+1 Str+1 Int+1 Dex+1}
   (You found it on level 5 of the Dungeon)

   [ring of positive energy]

   It affects your AC (+1).
   It affects your evasion (+1).
   It affects your strength (+1).
   It affects your intelligence (+1).
   It affects your dexterity (+1).
   It protects you from negative energy.
 E - an uncursed ring of ice
 G - an uncursed ring of positive energy
 I - an uncursed ring of poison resistance
 O - an amulet of regeneration (around neck)
 S - a +3 amulet of reflection
 T - the ring of Dim Light (right hand) {+Blink rElec MR+ Int-2 Dex+3}
   (You found it on level 6 of the Lair of Beasts)

   [ring of intelligence]

   It affects your intelligence (-2).
   It affects your dexterity (+3).
   It insulates you from electricity.
   It affects your resistance to hostile enchantments.
   It lets you blink.
Wands
 a - a wand of lightning (9/15)
 i - a wand of paralysis (10/24)
 j - a wand of teleportation (6/9)
 m - a wand of disintegration (15/24)
 C - a wand of disintegration (7/24)
 Y - a wand of iceblast (8/15)
Scrolls
 d - 4 scrolls of recharging
 k - 7 scrolls of fear
 l - 2 scrolls of enchant weapon
 q - 12 scrolls of remove curse
 v - a scroll of silence
 F - 2 scrolls of teleportation
 P - a scroll of identify
 Q - 3 scrolls of fog
Potions
 b - 7 potions of lignification
 e - a potion of cancellation
 h - 3 potions of degeneration {unknown}
 n - 3 potions of flight
 p - 8 potions of curing
 r - a potion of berserk rage
 t - 2 potions of agility
 u - 5 potions of magic
 x - a potion of invisibility {unknown}
 z - 7 potions of heal wounds
 D - 3 potions of brilliance
 J - 2 potions of resistance {unknown}
 U - 2 potions of ambrosia {unknown}
Comestibles
 c - 15 bread rations
 f - 7 meat rations
 g - 5 beef jerkies
 A - 9 fruits


   Skills:
 + Level 13.6 Fighting
 + Level 14.2 Axes
 + Level 12.4 Armour
 + Level 12.2 Dodging


You had 14 spell levels left.
You didn't know any spells.

Dungeon Overview and Level Annotations

Branches:
Dungeon (14/15)            Temple (0/1) D:7            Lair (6/6) D:9
 Shoals (0/4) Lair:2       Spider (0/4) Lair:2        Slime (0/5) Lair:6
    Orc (0/2) D:11         Vaults (0/5) D:13

Altars:
Ashenzari
Cheibriados
Elyvilon
Gozag
Kikubaaqudgha
Makhleb
Nemelex Xobeh
Ru
Sif Muna
Vehumet
Xom
Zin
The Shining One
Jiyva

Shops:
D:11 :   D:13 !

Annotations:
Lair:2 exclusion: oklob plant


Innate Abilities, Weirdness & Mutations

You have a pair of antennae on your head.
You are completely covered in yellow scales. (AC +4, rCorr)
A weak demonic guardian rushes to your aid.
You sometimes gain a little power by taking damage.
You have sharp fingernails.
You have supernaturally acute eyesight. (SInv)
You are agile. (Dex +2)
Armour fits poorly on your strangely shaped body.
You are dopey. (Int -2)
Your flesh is heat resistant. (rF+)
Your muscles are strong. (Str +2)
Your spells are a little harder to cast, but a little more powerful.


Message History

The titanic slime creature hits you!
Your plate armour prevents you from hitting the titanic slime creature.
The titanic slime creature is lightly wounded.
The titanic slime creature closely misses you.
You barely miss the titanic slime creature.
The titanic slime creature is lightly wounded.
The titanic slime creature closely misses you.
You slice the titanic slime creature!! You burn the titanic slime creature!
The titanic slime creature is moderately wounded.
The titanic slime creature closely misses you.
You completely miss the titanic slime creature.
The titanic slime creature is moderately wounded.
The titanic slime creature hits you!!!
Ouch! That really hurt!
You focus on the pain.
You feel agile all of a sudden.
You slice the titanic slime creature!! You burn the titanic slime creature!
The titanic slime creature is moderately wounded.
The titanic slime creature hits you!!!
You die...

.................................
....................... ....
###.................... ####
#....................
#...............(....
#....................
#.........)..........
#.........)((########
#.........)(JJ@55..## ######
###............#####..# #.....
...............######.######.....
...............##..#...#..##...(#
#######..#######...........##...#
#..# #...........##...# #..#
##..#...#..###...# #..#
#####.##### #...# #..#
#..######...#


You could see a titanic slime creature, a slime creature, a friendly iron imp
and a friendly white imp.

Vanquished Creatures
  The ghost of MirrMurr the Unseen, a journeyman SpEn of Ashenzari (D:13)
  A fire dragon (Lair:6)
  Josephine (D:11)
  Harold (Lair:4)
  10 hydras
  The ghost of patrickswayze the Slicer, a journeyman DECK of Xom (D:13)
  5 vault guards (D:13)
  2 centaur warriors (D:14)
  Erica (D:9)
  11 death yaks
  A tengu warrior (D:14)
  Sonja (Lair:4)
  8 skeletal warriors (D:14)
  A fire crab (Lair:6)
  2 unseen horrors (D:13)
  A deep elf archer (D:13)
  2 wizards
  8 hill giants
  A necromancer (Lair:5)
  3 manticores
  3 ugly things
  A cyclops (D:14)
  A deep elf mage (D:14)
  Maurice (D:8)
  3 black mambas
  3 centaur zombies
  A siren (Lair:2)
  2 ice statues (IceCv)
  15 elephants
  2 centaur skeletons
  An eye of devastation (shapeshifter) (D:14)
  3 orange demons (D:14)
  A gargoyle (D:11)
  3 molten gargoyles (Lair:6)
  13 spiny frogs
  A yaktaur (D:13)
  3 tengu conjurers
  11 komodo dragons
  3 trolls
  A polar bear (Lair:6)
  A two-headed ogre (D:9)
  A hornet (D:14)
  11 blink frogs
  15 hippogriffs
  4 redbacks (Lair:2)
  A shadow (D:14)
  4 wraiths
  32 yaks
  13 wyverns
  A human (D:13)
  3 basilisks
  3 steam dragons
  2 hungry ghosts
  9 water moccasins
  9 porcupines
  6 orc warriors
  6 hell hounds (Lair:6)
  A hornet zombie (D:9)
  9 ice beasts
  An elephant zombie (Lair:5)
  A necrophage (D:9)
  7 phantoms
  8 wolves (Lair:6)
  An eye of draining (D:14)
  6 sky beasts
  7 ogres
  12 crocodiles
  9 centaurs
  3 big kobolds
  A komodo dragon zombie (Lair:5)
  17 bullfrogs
  A gnoll sergeant (D:8)
  3 wyvern skeletons
  A wyvern zombie (D:11)
  A water moccasin skeleton (D:11)
  9 scorpions
  6 killer bees
  A vampire bat (D:6)
  26 wights
  3 electric eels
  4 howler monkeys
  10 crimson imps
  5 lava snakes (Lair:6)
  A basilisk zombie (Lair:5)
  2 hounds
  3 jellies
  A bullfrog zombie (D:11)
  9 orc priests
  A bullfrog skeleton (D:11)
  20 orc wizards
  6 iguanas
  14 worker ants
  A hound skeleton (D:10)
  A howler monkey zombie (D:10)
  4 gnolls
  21 adders
  3 river rats (D:9)
  2 shadow imps
  12 white imps
  2 adder skeletons
  4 worms
  A dart slug (D:1)
  14 leopard geckos
  69 orcs
  12 bats
  3 bat skeletons (D:6)
  A bat zombie (D:6)
  4 giant cockroaches
  7 goblins
  10 hobgoblins
  4 jackals
  4 quokkas
  3 ball pythons
  5 frilled lizards
  A jackal zombie (D:6)
  28 kobolds
  4 quokka zombies
  20 rats
  4 fungi
  3 plants (Lair:6)
712 creatures vanquished.

Vanquished Creatures (collateral kills)
  A hydra (Lair:6)
  A centaur warrior (D:13)
  An elephant (Lair:5)
  An ice statue (IceCv)
  A komodo dragon (Lair:2)
  A spriggan (D:8)
  A yak (Lair:1)
  2 water moccasins (Lair:4)
  An eye of draining (D:5)
  2 ogres
  2 centaurs
  A wolf (Lair:6)
  A bullfrog skeleton (D:4)
  An orc priest (D:9)
  A hound (D:5)
  An orc wizard (D:4)
  A white imp (Lair:3)
  An orc (D:7)
  A hobgoblin (D:11)
  A kobold (D:7)
  A rat (D:9)
24 creatures vanquished.

Vanquished Creatures (others)
  8 fungi
  2 plants
10 creatures vanquished.

Grand Total: 746 creatures vanquished

Notes
Turn   | Place    | Note
-------+----------+-------------------------------------------
     0 | D:1      | dobroeutro the Demonspawn Berserker began the quest for the Orb.
     0 | D:1      | Reached XP level 1. HP: 18/18 MP: 1/1
    78 | D:1      | Reached skill level 3 in Axes
   111 | D:1      | Gained mutation: You are partially covered in yellow scales. (AC +2) [demonic ancestry]
   111 | D:1      | Reached XP level 2. HP: 19/24 MP: 2/2
   310 | D:1      | Reached ** piety under Trog
   648 | D:1      | Gained mutation: You have a pair of small antennae on your head. [demonic ancestry]
   648 | D:1      | Reached XP level 3. HP: 29/29 MP: 3/3
   795 | D:2      | Reached skill level 4 in Axes
   908 | D:2      | Found a sparkling altar of Nemelex Xobeh.
   908 | D:2      | Found a burning altar of Makhleb.
   924 | D:2      | Reached XP level 4. HP: 32/35 MP: 4/4
  1470 | D:3      | Reached skill level 5 in Axes
  1476 | D:3      | Found a shattered altar of Ashenzari.
  1513 | D:3      | Gained mutation: A weak demonic guardian rushes to your aid. [demonic ancestry]
  1513 | D:3      | Reached XP level 5. HP: 41/41 MP: 5/5
  1634 | D:3      | Reached *** piety under Trog
  1899 | D:3      | Found a faded altar of an unknown god.
  1899 | D:3      | Found a faded altar of an unknown god.
  1904 | D:3      | Found a deep blue altar of Sif Muna.
  1906 | D:3      | Found a faded altar of an unknown god.
  1907 | D:3      | Found a faded altar of an unknown god.
  2135 | D:4      | Reached skill level 6 in Axes
  2142 | D:4      | Noticed an ogre
  2148 | D:4      | Killed an ogre
  2148 | D:4      | Reached XP level 6. HP: 47/47 MP: 6/6
  2499 | D:4      | Reached skill level 7 in Axes
  2565 | D:4      | Found a radiant altar of Vehumet.
  2636 | D:4      | Gained mutation: You are mostly covered in yellow scales. (AC +3) [demonic ancestry]
  2636 | D:4      | Reached XP level 7. HP: 39/52 MP: 7/7
  3027 | D:5      | Entered Level 5 of the Dungeon
  3083 | D:5      | Gained mutation: You are resistant to hostile enchantments. (MR+) [mutagenic meat]
  3084 | D:5      | Gained mutation: Armour fits poorly on your strangely shaped body. [mutagenic meat]
  3085 | D:5      | Gained mutation: Scrolls take you a little longer to read. [mutagenic meat]
  3086 | D:5      | Gained mutation: You are dopey. (Int -2) [mutagenic meat]
  3087 | D:5      | Gained mutation: You are clumsy. (Dex -2) [mutagenic meat]
  3088 | D:5      | Gained mutation: Your muscles are strong. (Str +2) [mutagenic meat]
  3089 | D:5      | Got a ring of the Octopus King
  3090 | D:5      | Identified a ring of the Octopus King {rN+ AC+1 EV+1 Str+1 Int+1 Dex+1} (You found it on level 5 of the Dungeon)
  3120 | D:5      | Found a shimmering altar of Xom.
  3131 | D:5      | Reached skill level 8 in Axes
  3454 | D:5      | Reached **** piety under Trog
  3755 | D:5      | Reached XP level 8. HP: 59/59 MP: 8/8
  4185 | D:5      | Gained mutation: You have sharp fingernails. [potion of mutation]
  4185 | D:5      | Lost mutation: You are resistant to hostile enchantments. (MR+) [potion of mutation]
  4185 | D:5      | Lost mutation: You are clumsy. (Dex -2) [potion of mutation]
  4538 | D:6      | Found an ancient bone altar of Kikubaaqudgha.
  5196 | D:6      | Found a white marble altar of Elyvilon.
  5225 | D:6      | Reached skill level 5 in Fighting
  5230 | D:6      | Gained mutation: You are agile. (Dex +2) [mutagenic meat]
  5308 | D:6      | Gained mutation: You are completely covered in yellow scales. (AC +4, rCorr) [demonic ancestry]
  5308 | D:6      | Reached XP level 9. HP: 68/68 MP: 9/9
  5378 | D:7      | Reached skill level 9 in Axes
  5738 | D:7      | Lost mutation: You are dopey. (Int -2) [mutagenic meat]
  5740 | D:7      | Lost mutation: Scrolls take you a little longer to read. [mutagenic meat]
  5741 | D:7      | Gained mutation: Your flesh is cold resistant. (rC+) [mutagenic meat]
  5908 | D:7      | Reached ***** piety under Trog
  5967 | D:7      | Gained mutation: You are dopey. (Int -2) [potion of mutation]
  5967 | D:7      | Lost mutation: Your flesh is cold resistant. (rC+) [potion of mutation]
  6109 | D:7      | Received a gift from Trog
  6132 | D:7      | Got a faintly glowing longbow {god gift}
  6133 | D:7      | Identified the +7 longbow of the Two Names {flame, Dex+2} (Trog gifted it to you on level 7 of the Dungeon)
  6237 | D:7      | Found a staircase to the Ecumenical Temple.
  6258 | D:7      | Reached skill level 5 in Armour
  6258 | D:7      | Reached skill level 5 in Dodging
  6571 | D:8      | Found a glowing golden altar of the Shining One.
  6976 | D:8      | Found a sacrificial altar of Ru.
  7026 | D:8      | Noticed Maurice
  7044 | D:8      | Killed Maurice
  7334 | D:8      | Reached XP level 10. HP: 71/77 MP: 10/10
  7512 | D:9      | Noticed Erica
  7523 | D:9      | Killed Erica
  7524 | D:9      | Reached skill level 10 in Axes
  8167 | D:9      | Received a gift from Trog
  8449 | D:9      | Found a staircase to the Lair.
  8734 | D:9      | Found an opulent altar of Gozag.
  8734 | D:9      | Found a glowing silver altar of Zin.
  8793 | D:10     | Entered Level 10 of the Dungeon
  8825 | D:10     | Noticed a hill giant
  8833 | D:10     | Killed a hill giant
  8943 | D:10     | Gained mutation: You sometimes gain a little power by taking damage. [demonic ancestry]
  8943 | D:10     | Reached XP level 11. HP: 74/85 MP: 11/11
  9074 | D:10     | Noticed a hill giant
  9091 | D:10     | Killed a hill giant
  9147 | D:10     | Found a snail-covered altar of Cheibriados.
  9249 | D:10     | Gained mutation: Your flesh is heat resistant. (rF+) [potion of mutation]
  9249 | D:10     | Gained mutation: Your spells are a little harder to cast, but a little more powerful. [potion of mutation]
  9249 | D:10     | Gained mutation: You have supernaturally acute eyesight. (SInv) [potion of mutation]
  9538 | D:11     | Noticed a hill giant
  9545 | D:11     | Killed a hill giant
  9545 | D:11     | Received a gift from Trog
  9903 | D:11     | Found a staircase to the Orcish Mines.
  9935 | D:11     | Noticed a red ugly thing
  9960 | D:11     | Killed a red ugly thing
  9995 | D:11     | Reached skill level 11 in Axes
 10005 | D:11     | Noticed a hill giant
 10022 | D:11     | Killed a hill giant
 10303 | D:11     | Noticed Josephine
 10317 | D:11     | Killed Josephine
 10682 | D:11     | Received a gift from Trog
 10784 | D:11     | Got a slimy robe
 10828 | D:11     | Identified the +1 robe of Negation {*Slow rElec Str+5} (You found it on level 11 of the Dungeon)
 10887 | D:11     | Found Beashryfa's Book Shop.
 11197 | D:11     | Noticed a hill giant
 11203 | D:11     | Killed a hill giant
 11361 | D:12     | Got a twisted spear
 11362 | D:12     | Identified the cursed +0 spear "Xevera" {antimagic, rF+ MR+ Int+4} (You found it on level 12 of the Dungeon)
 11457 | D:12     | Noticed an eight-headed hydra
 11580 | Lair:1   | Entered Level 1 of the Lair of Beasts
 11693 | Lair:1   | Noticed a six-headed hydra
 11699 | Lair:1   | Killed a two-headed hydra
 11699 | Lair:1   | Gained mutation: You have a pair of antennae on your head. [demonic ancestry]
 11699 | Lair:1   | Reached XP level 12. HP: 96/96 MP: 12/12
 11925 | Lair:1   | Noticed a four-headed hydra
 11935 | Lair:1   | Reached skill level 10 in Fighting
 11938 | Lair:1   | Killed a one-headed hydra
 12465 | Lair:1   | Noticed a five-headed hydra
 12475 | Lair:1   | Killed a one-headed hydra
 13030 | Lair:2   | Found a staircase to the Shoals.
 13051 | Lair:2   | Found a hole to the Spider Nest.
 13065 | Lair:2   | Reached skill level 12 in Axes
 13178 | Lair:2   | Noticed a death yak
 13179 | Lair:2   | Noticed a death yak
 13179 | Lair:2   | Noticed a death yak
 13194 | Lair:2   | Noticed a death yak
 13228 | Lair:1   | Killed a death yak
 13233 | Lair:1   | Killed a death yak
 13347 | Lair:1   | Killed a death yak
 13350 | Lair:1   | Killed a death yak
 13350 | Lair:1   | Reached ****** piety under Trog
 14010 | Lair:3   | Found a frozen archway.
 14023 | Lair:3   | Reached XP level 13. HP: 68/104 MP: 13/13
 14079 | IceCv    | Entered an ice cave
 14107 | IceCv    | Reached skill level 10 in Armour
 14945 | Lair:4   | Received a gift from Trog
 14946 | Lair:4   | Reached skill level 10 in Dodging
 15040 | Lair:4   | Noticed Harold
 15051 | Lair:4   | Killed Harold
 15073 | Lair:4   | Noticed Sonja
 15077 | Lair:4   | Cast into level 1 of the Abyss (Sonja)
 15131 | Lair:4   | Escaped the Abyss
 15488 | Lair:4   | Killed Sonja
 16749 | Lair:5   | Reached skill level 13 in Axes
 16937 | Lair:5   | Reached XP level 14. HP: 101/115 MP: 14/14
 17382 | Lair:6   | Entered Level 6 of the Lair of Beasts
 17410 | Lair:6   | Received a gift from Trog
 17711 | Lair:6   | Got a clouded copper ring
 18016 | Lair:6   | Found a staircase to the Slime Pits.
 18016 | Lair:6   | Found a viscous altar of Jiyva.
 18801 | Lair:6   | Found a large runed door.
 18802 | Lair:6   | Found a large runed door.
 19045 | Lair:6   | Identified the cursed ring of Dim Light {+Blink rElec MR+ Int-2 Dex+3} (You found it on level 6 of the Lair of Beasts)
 19048 | Lair:6   | Upgraded the game from 0.19.0-22-gd96e5fe to 0.19.0-24-gb05acd6
 19938 | D:13     | Noticed patrickswayze's ghost (journeyman DECK)
 19976 | D:13     | Killed patrickswayze's ghost
 20162 | D:13     | Found Ottaostra's Distillery.
 20162 | D:13     | Noticed MirrMurr's ghost (journeyman SpEn)
 20408 | D:13     | Received a gift from Trog
 20547 | D:13     | Killed MirrMurr's ghost
 20742 | D:13     | Reached XP level 15. HP: 90/124 MP: 15/15
 21094 | D:13     | Found a gate to the Vaults.
 21333 | D:14     | Reached skill level 14 in Axes
 21595 | D:14     | Received a gift from Trog
 21913 | D:14     | Slain by a titanic slime creature

Skill      XL: |  1  2  3  4  5  6  7  8  9 10 11 12 13 14 15 |
---------------+----------------------------------------------+-----
Axes           | 3 4 5 6 7 8 9 10 11 12 13 14 | 14.2
Armour         | 2 4 5 7 8 9 11 12 | 12.4
Dodging        | 2 4 5 7 8 9 10 11 12 | 12.2
Fighting       | 5 6 8 9 10 12 13 | 13.6

Action                   |  1- 3 |  4- 6 |  7- 9 | 10-12 | 13-15 || total
-------------------------+-------+-------+-------+-------+-------++-------
Melee: Hand axe          |   148 |   178 |   188 |       |       ||   514
       War axe           |       |       |   265 |   155 |       ||   420
       Battleaxe         |       |       |       |   500 |   859 ||  1359
Invok: Berserk           |       |     5 |     7 |    14 |    10 ||    36
       Burn Spellbooks   |       |       |       |     1 |     1 ||     2
       Brothers in Arms  |       |       |       |       |     1 ||     1
  Use: Potion            |       |     2 |     3 |     1 |     2 ||     8
       Scroll            |       |       |    18 |    12 |     4 ||    34
 Stab: Distracted        |       |       |     3 |     3 |    11 ||    17
  Eat: Chunk             |       |    10 |    37 |    32 |    14 ||    93
       Pizza             |       |       |       |     4 |       ||     4
       Meat ration       |       |       |       |       |     4 ||     4
       Royal jelly       |       |       |       |       |     1 ||     1
Armor: Animal skin       |     9 |       |       |       |       ||     9
       Ring mail         |    57 |    34 |       |       |       ||    91
       Scale mail        |       |    32 |   143 |   202 |    21 ||   398
       Plate armour      |       |       |       |       |   518 ||   518
Dodge: Dodged            |   111 |    82 |   228 |   472 |   715 ||  1608
Block: Buckler           |       |       |     7 |    29 |       ||    36
